 Dungeon Crawl Stone Soup version 0.24.0-123-gd5b16e6ec5 (webtiles) character file.

Game seed: 2107136993244013845, levelgen mode: deterministic

2592 mortelune the Carver (level 9, -6/72 HPs)
             Began as a Formicid Abyssal Knight on Dec 21, 2019.
             Was a Priest of Lugonu.
             Mangled by Menkaure (18 damage)
             ... on level 6 of the Dungeon.
             The game lasted 00:14:13 (7811 turns).

mortelune the Carver (Formicid Abyssal Knight)      Turns: 7811, Time: 00:14:13

Health: -6/72      AC: 12    Str: 24    XL:     9   Next: 89%
Magic:  4/14       EV:  7    Int: 12    God:    Lugonu [***...]
Gold:   183        SH:  0    Dex: 10    Spells: 8/8 levels left

rFire    . . .     SeeInvis +   a - +1 falchion
rCold    . . .     Gourm    .   (no shield)
rNeg     . . .     Faith    .   q - +0 plate armour
rPois    .         Spirit   .   (helmet unavailable)
rElec    .         Reflect  .   (no cloak)
rCorr    .         Harm     .   (no gloves)
MR       .....                  (no boots)
Stlth    ..........             i - amulet of regeneration
HPRegen  0.62/turn              h - +4 ring of strength
MPRegen  0.14/turn              z - ring of wizardry

@: no status effects
A: permanent stasis, dig shafts and tunnels, four strong arms, antennae 3,
talons 2, mutation resistance 1, MP-powered wands
a: Dig, Shaft Self, Depart the Abyss, Bend Space, Banish, Renounce Religion


You were on level 6 of the Dungeon.
You worshipped Lugonu.
Lugonu was most pleased with you.
You were not hungry.

You visited 1 branch of the dungeon, and saw 7 of its levels.
You visited the Abyss 1 time.

You collected 183 gold pieces.

Inventory:

Hand Weapons
 a - a +1 falchion (weapon)
 v - a +1 great sword
Missiles
 j - 5 boomerangs (quivered)
Armour
 b - a +0 leather armour
 d - a +0 ring mail
 n - a +1 scale mail
 q - a +0 plate armour (worn)
Jewellery
 h - a +4 ring of strength (left hand)
 i - an amulet of regeneration (around neck)
 z - a ring of wizardry (right hand)
Wands
 s - a wand of iceblast (6)
Scrolls
 f - 3 scrolls of remove curse
 o - a scroll of random uselessness {unknown}
 t - a scroll of enchant weapon {unknown}
 u - a scroll of teleportation
 w - a scroll of amnesia
 x - a scroll of enchant armour
Potions
 e - 2 potions of ambrosia
 g - 2 potions of curing {unknown}
 k - 2 potions of brilliance
 m - a potion of berserk rage
 r - a potion of might
 B - a potion of invisibility
Comestibles
 c - 14 rations


   Skills:
 + Level 7.0 Fighting
 * Level 8.3 Long Blades
 + Level 6.5 Armour
 - Level 0.8 Dodging
 + Level 7.1 Invocations


You had 8 spell levels left.
You didn't know any spells.
Your spell library was empty.

Dungeon Overview and Level Annotations

Branches:
Dungeon (7/15)             Temple (0/1) D:6

Altars:
Cheibriados
Elyvilon
Kikubaaqudgha
Nemelex Xobeh
Qazlal
Trog
Uskayaw
Vehumet
Xom
Yredelemnul
Zin

Annotations:
D:6 Menkaure


Innate Abilities, Weirdness & Mutations

You cannot be hasted, slowed, berserked, paralysed or teleported.
You can dig through walls and to a lower floor.
Your four strong arms can wield two-handed weapons with a shield.
You have a pair of large antennae on your head. (SInv)
You have razor-sharp toenails.
You are somewhat resistant to further mutation.
You expend magic power (3 MP) to strengthen your wands.


Message History

You resist with significant effort.
There is an escape hatch in the ceiling here.
Menkaure hits you but does no damage. A mysterious force pulls you upwards.
The hatch slams shut behind you.
You feel much better.
Menkaure is no longer moving quickly.
Menkaure calls on the powers of darkness!
Your body is wracked with pain!
Menkaure hits you.
You barely miss Menkaure. Your kick misses Menkaure. You hit Menkaure.
You claw Menkaure, but do no damage.
Menkaure is lightly damaged.
Menkaure hits you!
* * * LOW HITPOINT WARNING * * *
You hit Menkaure. Your kick misses Menkaure.
Menkaure is moderately damaged.
Menkaure hits you.
* * * LOW HITPOINT WARNING * * *
You hit Menkaure. You claw Menkaure, but do no damage.
Menkaure is heavily damaged.
Menkaure hits you!!
You die...

######### #.##########
#...>...# #<##########
#.......# ##.........#
#.#...#.# #)#######.#
#.......# #)# #.#
#.......# #.# #.#
#.#...#.######.# #.#
#.......#...##.# #.#
#......@#...##.# #.#
#.#...#M#...##.# #.#
#.......#......# #..
#.......################
#.#...#.#...............
#.......####.#.#######.#
#.......#....#.#........
#.#..#..#.....>.........
#......##.........##....


You could see Menkaure.

Vanquished Creatures
  A hippogriff (D:6)
  Sigmund (D:3)
  Eustachio (D:6)
  A hungry ghost (D:7)
  A sky beast (D:7)
  4 ogres
  2 centaurs
  A wyvern skeleton (D:7)
  A scorpion (D:4)
  7 killer bees (D:7)
  5 wights
  A howler monkey (D:7)
  3 crimson imps
  A quasit (D:4)
  2 hounds
  An orc priest (D:6)
  An orc wizard (D:6)
  A bullfrog skeleton (D:6)
  Terence (D:3)
  An iguana (D:4)
  4 worker ants
  A killer bee zombie (D:6)
  3 hound skeletons
  A howler monkey zombie (D:7)
  4 gnolls (D:5)
  12 adders
  2 shadow imps (D:6)
  2 adder skeletons
  A dart slug (D:4)
  7 leopard geckos
  An orc (D:6)
  4 giant cockroaches
  2 goblins
  7 hobgoblins
  13 jackals
  6 kobolds
  A quokka (D:3)
  2 ball pythons
  10 bats
  5 frilled lizards
  A leopard gecko skeleton (D:5)
  A leopard gecko zombie (D:5)
  4 rats
131 creatures vanquished.

Notes
Turn   | Place    | Note
-------+----------+-------------------------------------------
     0 | Abyss:1  | mortelune the Formicid Abyssal Knight began the quest for
                  | the Orb.
     0 | Abyss:1  | Reached XP level 1. HP: 18/18 MP: 2/2
    80 | Abyss:1  | Noticed a starcursed mass
    82 | D:1      | Escaped the Abyss
   395 | D:1      | Reached XP level 2. HP: 24/24 MP: 3/3
   512 | D:1      | Reached * piety under Lugonu
   845 | D:2      | Reached XP level 3. HP: 27/29 MP: 4/4
  1233 | D:2      | Found an ancient bone altar of Kikubaaqudgha.
  1283 | D:2      | Found a radiant altar of Vehumet.
  1537 | D:2      | Reached XP level 4. HP: 34/37 MP: 6/6
  1684 | D:2      | Reached skill level 3 in Long Blades
  1737 | D:2      | Found a stormy altar of Qazlal.
  1739 | D:2      | Noticed an earth elemental
  1740 | D:2      | Noticed a fire elemental
  1740 | D:2      | Noticed an air elemental
  1740 | D:2      | Noticed a water elemental
  2319 | D:2      | Found a glowing silver altar of Zin.
  2423 | D:3      | Noticed Sigmund
  2436 | D:4      | Reached XP level 5. HP: 37/42 MP: 7/7
  2664 | D:3      | Reached ** piety under Lugonu
  2767 | D:3      | Noticed Terence
  2783 | D:3      | Killed Terence
  3173 | D:4      | Reached XP level 6. HP: 48/48 MP: 8/8
  3239 | D:4      | Found a snail-covered altar of Cheibriados.
  3270 | D:4      | Reached skill level 4 in Long Blades
  3586 | D:4      | Found a sparkling altar of Nemelex Xobeh.
  3618 | D:4      | Found a basalt altar of Yredelemnul.
  3874 | D:4      | Found a white marble altar of Elyvilon.
  3922 | D:5      | Entered Level 5 of the Dungeon
  4080 | D:5      | Reached XP level 7. HP: 55/55 MP: 10/10
  4216 | D:5      | Reached skill level 5 in Long Blades
  4497 | D:5      | Reached skill level 5 in Fighting
  4689 | D:5      | Found a shimmering altar of Xom.
  5158 | D:3      | Killed Sigmund
  5158 | D:3      | Reached skill level 5 in Invocations
  5158 | D:3      | Reached XP level 8. HP: 38/62 MP: 11/11
  5732 | D:6      | Reached skill level 6 in Long Blades
  5811 | D:6      | Gained mutation: You have sharp toenails. [potion of
                  | mutation]
  5811 | D:6      | Gained mutation: You have razor-sharp toenails. [potion of
                  | mutation]
  5811 | D:6      | Gained mutation: You expend magic power (3 MP) to
                  | strengthen your wands. [potion of mutation]
  5811 | D:6      | Gained mutation: You are somewhat resistant to further
                  | mutation. [potion of mutation]
  5837 | D:6      | Reached skill level 5 in Armour
  5880 | D:6      | Noticed a hippogriff
  6491 | D:6      | Killed a hippogriff
  6491 | D:6      | Reached skill level 7 in Long Blades
  6491 | D:6      | Reached XP level 9. HP: 65/69 MP: 13/13
  6543 | D:6      | Noticed Eustachio
  6573 | D:6      | Killed Eustachio
  6712 | D:6      | Found a hide-covered altar of Uskayaw.
  6715 | D:6      | Noticed a +0 hand axe
  6715 | D:6      | Noticed a +0 dagger
  6934 | D:6      | Found a staircase to the Ecumenical Temple.
  7006 | D:7      | Reached *** piety under Lugonu
  7274 | D:7      | Found a bloodstained altar of Trog.
  7529 | D:7      | Reached skill level 8 in Long Blades
  7597 | D:7      | Noticed Menkaure
  7811 | D:6      | Mangled by Menkaure

Levels and vault maps discovered:
D:1:      evilmike_arrival_sounds_zot, layout_basic, grunt_decor_cap
D:2:      layout_loops_ring, kiku_gazebo_garden_becter,
          nicolae_qazlal_style_of_elements, vehumet_crystals,
          lemuel_coloured_pillars_altar
D:3:      layout_loops_corners, uniq_terence, uniq_sigmund
D:4:      layout_loops_cross, kennysheep_ying_yang, kennysheep_slug_shrine,
          nemelex_xobeh_ov_fountains_minmay
D:5:      layout_basic, kennysheep_mini, first_ration
D:6:      layout_basic, dancing_weapons_uskayaw, temple_hall,
          kennysheep_crisscross, uniq_eustachio
D:7:      minmay_the_grid_octo_tiled_squarecenter
          [minmay_the_grid_octo_checkerflower,
          minmay_the_grid_octo_thin_diamonds, minmay_the_grid_octo_teeth,
          minmay_the_grid_octo_horde,
          minmay_the_grid_square_5x5_megaprize_hollow,
          minmay_the_grid_square_5x5_one_wall, minmay_the_grid_square_5x5_comb,
          minmay_the_grid_square_5x5_beaten_path,
          minmay_the_grid_square_5x5_corner], layout_rooms, lemuel_round_altar,
          kennysheep_nub, chequers_hall_statues_y, grunt_ogre_cave,
          okawaru_altar_gauntlet_db, uniq_pikel, uniq_menkaure

Skill      XL: |  1  2  3  4  5  6  7  8  9 |
---------------+----------------------------+-----
Long Blades    | 3 4 5 7 8 |  8.3
Invocations    | 3 4 5 6 7 |  7.1
Fighting       | 4 5 6 7 |  7.0
Armour         | 3 4 5 6 |  6.5
Dodging        | |  0.8

Action                   |  1- 3 |  4- 6 |  7- 9 || total
-------------------------+-------+-------+-------++-------
Melee: Falchion          |    59 |   176 |   334 ||   569
       Kick              |       |       |    62 ||    62
       Great sword       |       |       |     8 ||     8
Throw: Boomerang         |       |     7 |    23 ||    30
Invok: Depart the Abyss  |     1 |       |       ||     1
       Bend Space        |       |       |     1 ||     1
 Abil: Dig               |       |       |     1 ||     1
  Use: Scroll            |     2 |     4 |    10 ||    16
       Potion            |       |     1 |     5 ||     6
  Eat: Chunk             |     2 |     8 |    14 ||    24
       Ration            |       |       |     1 ||     1
Armor: Ring mail         |    30 |    17 |       ||    47
       Scale mail        |       |    68 |    83 ||   151
       Plate armour      |       |       |    86 ||    86
Dodge: Dodged            |    51 |    91 |   159 ||   301
       Rpst.: Falchion   |    17 |    31 |    42 ||    90
       Great sword       |       |       |     3 ||     3
